| TOP OF THE 1ST |
|
Los Angeles Dodgers batting - Pitching for Miami Marlins : RHP Link Zeller
|
|
Pitching: RHP Link Zeller
|
|
|
Batting: RHB Clay Buchanan
|
0-0: Ball 1-0: Fly out, F4 (Popup, 34, EV 78.8 MPH)
|
|
Batting: RHB Tim Nettles
|
0-0: Ball 1-0: Called Strike 1-1: Foul Ball, location: 2F 1-2: Foul Ball, location: 2F 1-2: Foul Ball, location: 2F 1-2: Ball 2-2: Ball 3-2: Strikes out swinging
|
|
Batting: LHB Lirak Bazhunaishvili
|
0-0: Ball 1-0: Ball 2-0: Ball 3-0: Called Strike 3-1: Swinging Strike 3-2: Fly out, F8 (Flyball, 8LD, EV 96.9 MPH)
|
| Top of the 1st over - 0 runs, 0 hits, 0 errors, 0 left on base; Los Angeles 0 - Miami 0 |
| BOTTOM OF THE 1ST |
|
Miami Marlins batting - Pitching for Los Angeles Dodgers : RHP Jeremy Stock
|
|
Pitching: RHP Jeremy Stock
|
|
|
Batting: RHB Roger Salazar
|
0-0: Foul Ball, location: 2F 0-1: Ball 1-1: Ball 2-1: Foul Ball, location: 2F 2-2: Ball 3-2: Base on Balls
|
|
Batting: RHB Bert Clark
|
0-0: Ball 1-0: Swinging Strike 1-1: Fly out, F7 (Flyball, 7, EV 81.9 MPH)
|
|
Batting: LHB Andre Gorter
|
0-0: Called Strike 0-1: Called Strike 0-2: Foul Ball, location: 2F 0-2: Foul Ball, location: 2F 0-2: Grounds into double play, 6-4-3 (Groundball, 6MD, EV 92.5 MPH)
|
| Bottom of the 1st over - 0 runs, 0 hits, 0 errors, 0 left on base; Los Angeles 0 - Miami 0 |
| TOP OF THE 2ND |
|
Los Angeles Dodgers batting - Pitching for Miami Marlins : RHP Link Zeller
|
|
Batting: SHB Shane Marcum
|
0-0: Called Strike 0-1: Foul Ball, location: 2F 0-2: Ball 1-2: Strikes out swinging
|
|
Batting: RHB John Piccolo
|
0-0: Ball 1-0: SINGLE (Groundball, 6MD, EV 106.2 MPH)
|
|
Batting: RHB Danny Dyer
|
0-0: Ball 1-0: Ball 2-0: Called Strike 2-1: Fly out, F9 (Flyball, 9LS, EV 96.9 MPH)
|
|
Batting: RHB Leonardo Nava
|
0-0: Called Strike 0-1: Foul Ball, location: 2F 0-2: DOUBLE (Line Drive, 78D, EV 113.8 MPH) John Piccolo to third
|
|
Batting: RHB Wing-kit Bu
|
0-0: Fly out, F7 (Flyball, 7, EV 91.9 MPH)
|
| Top of the 2nd over - 0 runs, 2 hits, 0 errors, 2 left on base; Los Angeles 0 - Miami 0 |
| BOTTOM OF THE 2ND |
|
Miami Marlins batting - Pitching for Los Angeles Dodgers : RHP Jeremy Stock
|
|
Batting: LHB Adam Durgin
|
0-0: Called Strike 0-1: Ball 1-1: Ball 2-1: Ball 3-1: Foul Ball, location: 2F 3-2: Base on Balls
|
|
Batting: RHB Jimmy Groseclose
|
0-0: Swinging Strike 0-1: Fly out, F9 (Flyball, 9D, EV 97.5 MPH)
|
|
Batting: RHB Matt Thompson
|
0-0: Called Strike 0-1: Ball 1-1: Ball 2-1: SINGLE (Groundball, 56D, EV 96.2 MPH) Adam Durgin to second
|
|
Batting: RHB Mike Gar
|
0-0: Called Strike 0-1: Called Strike 0-2: Ball 1-2: Foul Ball, location: 2F 1-2: Fielders Choice at 2nd, 3-6 (Groundball, 34S, EV 79.4 MPH) Adam Durgin to third
|
|
Batting: RHB Tony Stedman
|
0-0: Ball 1-0: Foul Ball, location: 2F 1-1: Foul Ball, location: 2F Pickoff Throw to First - Out! 1-3
|
| Bottom of the 2nd over - 0 runs, 1 hit, 0 errors, 1 left on base; Los Angeles 0 - Miami 0 |
| TOP OF THE 3RD |
|
Los Angeles Dodgers batting - Pitching for Miami Marlins : RHP Link Zeller
|
|
Batting: SHB Benjamin Brown
|
0-0: Swinging Strike 0-1: Ball 1-1: Ball 2-1: Foul Ball, location: 2F 2-2: Strikes out swinging
|
|
Batting: RHB Clay Buchanan
|
0-0: Ball 1-0: Called Strike 1-1: Swinging Strike 1-2: Ball 2-2: Foul Ball, location: 2F 2-2: Strikes out swinging
|
|
Batting: RHB Tim Nettles
|
0-0: Swinging Strike 0-1: Ball 1-1: Ball 2-1: Foul Ball, location: 2F 2-2: Strikes out swinging
|
| Top of the 3rd over - 0 runs, 0 hits, 0 errors, 0 left on base; Los Angeles 0 - Miami 0 |
| BOTTOM OF THE 3RD |
|
Miami Marlins batting - Pitching for Los Angeles Dodgers : RHP Jeremy Stock
|
|
Batting: RHB Tony Stedman
|
0-0: Ball 1-0: Bunt missed! 1-1: Ground out 3-1 (Groundball, 34, EV 100.6 MPH)
|
|
Batting: RHB Steve Barnard
|
0-0: Called Strike 0-1: Called Strike 0-2: Fly out, F9 (Flyball, 9LD, EV 110.6 MPH)
|
|
Batting: RHB Roger Salazar
|
0-0: Called Strike 0-1: Foul Ball, location: 2F 0-2: Fly out, F9 (Flyball, 9LS, EV 88.8 MPH)
|
| Bottom of the 3rd over - 0 runs, 0 hits, 0 errors, 0 left on base; Los Angeles 0 - Miami 0 |
| TOP OF THE 4TH |
|
Los Angeles Dodgers batting - Pitching for Miami Marlins : RHP Link Zeller
|
|
Batting: LHB Lirak Bazhunaishvili
|
0-0: Called Strike 0-1: Ball 1-1: Ball 2-1: Ball 3-1: Base on Balls
|
|
Batting: SHB Shane Marcum
|
0-0: Ball 1-0: Ball 2-0: Ball 3-0: Base on Balls Lirak Bazhunaishvili to second
|
|
Batting: RHB John Piccolo
|
0-0: Ball 1-0: Swinging Strike 1-1: Foul Ball, location: 2F 1-2: Ball 2-2: Fly out, F8 (Flyball, 8RXD, EV 95.6 MPH) Runner from 2nd tags up, SAFE at 3rd, no throw by CF
|
|
Batting: RHB Danny Dyer
|
0-0: Ball 1-0: Called Strike 1-1: Ball 2-1: Foul Ball, location: 2F 2-2: 3-RUN HOME RUN (Flyball, 78XD, EV 107.5 MPH), Distance : 413 ft
|
|
Batting: RHB Leonardo Nava
|
0-0: Ball 1-0: Ground out 4-3 (Groundball, 34, EV 109.4 MPH)
|
|
Batting: RHB Wing-kit Bu
|
0-0: Called Strike 0-1: Swinging Strike 0-2: Ball 1-2: Strikes out looking
|
| Top of the 4th over - 3 runs, 1 hit, 0 errors, 0 left on base; Los Angeles 3 - Miami 0 |
| BOTTOM OF THE 4TH |
|
Miami Marlins batting - Pitching for Los Angeles Dodgers : RHP Jeremy Stock
|
|
Batting: RHB Bert Clark
|
0-0: Ball 1-0: Ball 2-0: Swinging Strike 2-1: Called Strike 2-2: Ball 3-2: Fly out, F7 (Line Drive, 7, EV 101.2 MPH)
|
|
Batting: LHB Andre Gorter
|
0-0: Fly out, F6 (Popup, 6, EV 52.5 MPH)
|
|
Batting: LHB Adam Durgin
|
0-0: Called Strike 0-1: Ball 1-1: Foul Ball, location: 2F 1-2: Fly out, F9 (Flyball, 89M, EV 90.0 MPH)
|
| Bottom of the 4th over - 0 runs, 0 hits, 0 errors, 0 left on base; Los Angeles 3 - Miami 0 |
| TOP OF THE 5TH |
|
Los Angeles Dodgers batting - Pitching for Miami Marlins : RHP Link Zeller
|
|
Batting: SHB Benjamin Brown
|
0-0: Called Strike 0-1: SOLO HOME RUN (Flyball, 78XD, EV 108.8 MPH), Distance : 427 ft
|
|
Batting: RHB Clay Buchanan
|
0-0: Foul Ball, location: 2F 0-1: Called Strike 0-2: Ball 1-2: Ball 2-2: Ball 3-2: Fly out, F8 (Flyball, 8LXD, EV 80.0 MPH)
|
|
Batting: RHB Tim Nettles
|
0-0: Ball 1-0: Ball 2-0: Foul Ball, location: 2F 2-1: Called Strike 2-2: Ball 3-2: Base on Balls
|
|
Batting: LHB Lirak Bazhunaishvili
|
0-0: Ball 1-0: Ball 2-0: Foul Ball, location: 2F 2-1: Called Strike 2-2: DOUBLE (Line Drive, 9LM, EV 90.6 MPH) Tim Nettles to third
|
|
Batting: SHB Shane Marcum
|
0-0: Ball 1-0: Foul Ball, location: 2F 1-1: Ball 2-1: Ball 3-1: Foul Ball, location: 2F 3-2: Fly out, F8 (Flyball, 8RXD, EV 100.6 MPH) Runner from 3rd tags up, SCORES, no throw by CF Lirak Bazhunaishvili to third
|
|
Batting: RHB John Piccolo
|
0-0: Swinging Strike 0-1: Ball 1-1: Called Strike 1-2: Strikes out swinging
|
| Top of the 5th over - 2 runs, 2 hits, 0 errors, 1 left on base; Los Angeles 5 - Miami 0 |
| BOTTOM OF THE 5TH |
|
Miami Marlins batting - Pitching for Los Angeles Dodgers : RHP Jeremy Stock
|
|
Batting: RHB Jimmy Groseclose
|
0-0: Called Strike 0-1: Ball 1-1: Foul Ball, location: 2F 1-2: Strikes out swinging
|
|
Batting: RHB Matt Thompson
|
0-0: Called Strike 0-1: Ball 1-1: Ball 2-1: Foul Ball, location: 2F 2-2: SINGLE (Groundball, 34D, EV 97.5 MPH)
|
|
Batting: RHB Mike Gar
|
0-0: Called Strike Matt Thompson is caught stealing 2nd base 2-4 0-1: DOUBLE (Flyball, 9LD, EV 95.0 MPH)
|
|
Batting: RHB Tony Stedman
|
0-0: Ball 1-0: Called Strike 1-1: SINGLE (Groundball, 4MD, EV 102.5 MPH) (infield hit) Mike Gar to third
|
|
Batting: RHB Steve Barnard
|
0-0: Ball 1-0: Ball 2-0: Called Strike 2-1: Called Strike Tony Stedman steals 2nd base 2-2: Foul Ball, location: 2F 2-2: Strikes out swinging
|
| Bottom of the 5th over - 0 runs, 3 hits, 0 errors, 2 left on base; Los Angeles 5 - Miami 0 |
| TOP OF THE 6TH |
|
Los Angeles Dodgers batting - Pitching for Miami Marlins : RHP Link Zeller
|
|
Pitching: RHP Pharamond Lestrange
|
|
|
Batting: RHB Danny Dyer
|
0-0: Ball 1-0: Ball 2-0: Called Strike 2-1: Ground out 4-3 (Groundball, 4S, EV 92.5 MPH)
|
|
Batting: RHB Leonardo Nava
|
0-0: Swinging Strike 0-1: Ball 1-1: Called Strike 1-2: Ball 2-2: Ball 3-2: Foul Ball, location: 2F 3-2: Strikes out swinging
|
|
Batting: RHB Wing-kit Bu
|
0-0: Ball 1-0: Ground out 3-1 (Groundball, 34, EV 88.1 MPH)
|
| Top of the 6th over - 0 runs, 0 hits, 0 errors, 0 left on base; Los Angeles 5 - Miami 0 |
| BOTTOM OF THE 6TH |
|
Miami Marlins batting - Pitching for Los Angeles Dodgers : RHP Jeremy Stock
|
|
Batting: RHB Roger Salazar
|
0-0: Ball 1-0: Called Strike 1-1: Foul Ball, location: 2F 1-2: Foul Ball, location: 2F 1-2: Ball 2-2: SINGLE (Groundball, 56D, EV 97.5 MPH)
|
|
Batting: RHB Bert Clark
|
0-0: Ball 1-0: Called Strike 1-1: Ball 2-1: Ball 3-1: Foul Ball, location: 2F 3-2: Foul Ball, location: 2F 3-2: Strikes out swinging Roger Salazar steals 2nd base (no throw) Batter strikes out.
|
|
Batting: LHB Andre Gorter
|
0-0: Called Strike 0-1: SINGLE (Flyball, 7S, EV 96.2 MPH) Roger Salazar to third Runner from 3rd tries for Home, SAFE, throw by LF to home
|
|
Batting: LHB Adam Durgin
|
0-0: Called Strike 0-1: Fly out, F4 (Popup, 4MD, EV 71.9 MPH)
|
|
Pitching: RHP Craig Fallon
|
|
|
Batting: RHB Jimmy Groseclose
|
0-0: Called Strike 0-1: Ground out 6-3 (Groundball, 56D, EV 105.6 MPH)
|
| Bottom of the 6th over - 1 run, 2 hits, 0 errors, 1 left on base; Los Angeles 5 - Miami 1 |
| TOP OF THE 7TH |
|
Los Angeles Dodgers batting - Pitching for Miami Marlins : RHP Pharamond Lestrange
|
|
Batting: SHB Benjamin Brown
|
0-0: Ball 1-0: Called Strike 1-1: Ball 2-1: Called Strike 2-2: Ball 3-2: Strikes out swinging
|
|
Batting: RHB Clay Buchanan
|
0-0: Called Strike 0-1: Swinging Strike 0-2: Ball 1-2: Ball 2-2: Strikes out swinging
|
|
Batting: RHB Tim Nettles
|
0-0: Ball 1-0: Swinging Strike 1-1: Ball 2-1: Swinging Strike 2-2: Ball 3-2: Base on Balls
|
|
Batting: LHB Lirak Bazhunaishvili
|
0-0: Ball 1-0: Called Strike Tim Nettles steals 2nd base (no throw) 1-1: Called Strike 1-2: Foul Ball, location: 2F 1-2: SINGLE (Groundball, 5S, EV 66.9 MPH) (infield hit) Tim Nettles to third
|
|
Batting: SHB Shane Marcum
|
0-0: Ball 1-0: Ball 2-0: Called Strike 2-1: Ball 3-1: Base on Balls Lirak Bazhunaishvili to second
|
|
Batting: RHB John Piccolo
|
0-0: Ball 1-0: Foul Ball, location: 2F 1-1: Called Strike 1-2: DOUBLE (Line Drive, 78D, EV 103.8 MPH) Tim Nettles scores Lirak Bazhunaishvili scores Shane Marcum to third Runner from 3rd tries for Home, SAFE, no throw by CF
|
|
Batting: RHB Danny Dyer
|
0-0: Ball 1-0: Ball 2-0: Ground out 5-3 (Groundball, 5S, EV 83.1 MPH)
|
| Top of the 7th over - 3 runs, 2 hits, 0 errors, 1 left on base; Los Angeles 8 - Miami 1 |
| BOTTOM OF THE 7TH |
|
Miami Marlins batting - Pitching for Los Angeles Dodgers : RHP Craig Fallon
|
|
Batting: RHB Matt Thompson
|
0-0: Ball 1-0: Ball 2-0: Foul Ball, location: 2F 2-1: Foul Ball, location: 2F 2-2: Ground out 1-3 (Groundball, 15S, EV 68.8 MPH)
|
|
Batting: RHB Mike Gar
|
0-0: Ball 1-0: Ball 2-0: Called Strike 2-1: Ball 3-1: Fly out, F8 (Line Drive, 8LM, EV 110.6 MPH)
|
|
Batting: RHB Tony Stedman
|
0-0: Foul Ball, location: 2F 0-1: SINGLE (Groundball, 4MD, EV 100.0 MPH)
|
|
Batting: RHB Steve Barnard
|
0-0: Foul Ball, location: 2F 0-1: Swinging Strike 0-2: Ball 1-2: Fly out, F8 (Flyball, 8LD, EV 93.1 MPH)
|
| Bottom of the 7th over - 0 runs, 1 hit, 0 errors, 1 left on base; Los Angeles 8 - Miami 1 |
| TOP OF THE 8TH |
|
Los Angeles Dodgers batting - Pitching for Miami Marlins : RHP Pharamond Lestrange
|
|
Batting: RHB Leonardo Nava
|
0-0: Ground out 1-3 (Groundball, 25, EV 63.8 MPH)
|
|
Batting: RHB Wing-kit Bu
|
0-0: Ball 1-0: Ball 2-0: Ball 3-0: Base on Balls
|
|
Batting: SHB Benjamin Brown
|
0-0: Called Strike 0-1: Ball 1-1: Swinging Strike 1-2: Fly out, F7 (Flyball, 7D, EV 90.6 MPH)
|
|
Batting: RHB Clay Buchanan
|
0-0: Ball Wing-kit Bu steals 2nd base (no throw) 1-0: Called Strike 1-1: Ball 2-1: Ball 3-1: Base on Balls
|
|
Batting: RHB Tim Nettles
|
0-0: Ball 1-0: Ball 2-0: Called Strike 2-1: Ball 3-1: Foul Ball, location: 2F 3-2: Ground out 6-3 (Groundball, 6, EV 89.4 MPH)
|
| Top of the 8th over - 0 runs, 0 hits, 0 errors, 2 left on base; Los Angeles 8 - Miami 1 |
| BOTTOM OF THE 8TH |
|
Miami Marlins batting - Pitching for Los Angeles Dodgers : RHP Craig Fallon
|
|
Batting: RHB Roger Salazar
|
0-0: Ball 1-0: Foul Ball, location: 2F 1-1: Swinging Strike 1-2: Ball 2-2: Foul Ball, location: 2F 2-2: Ball 3-2: Base on Balls
|
|
Batting: RHB Bert Clark
|
0-0: Swinging Strike 0-1: Ball 1-1: Foul Ball, location: 2F 1-2: Strikes out looking
|
|
Pitching: RHP Nate Allen
|
|
|
Batting: LHB Andre Gorter
|
0-0: Called Strike 0-1: Foul Ball, location: 2F 0-2: Strikes out swinging
|
|
Batting: LHB Adam Durgin
|
0-0: Ball 1-0: Swinging Strike 1-1: Ball 2-1: SINGLE (Groundball, 56, EV 92.5 MPH) (infield hit) Roger Salazar to second
|
|
Batting: RHB Jimmy Groseclose
|
0-0: Ball 1-0: Called Strike 1-1: Called Strike 1-2: Ball 2-2: Strikes out swinging
|
| Bottom of the 8th over - 0 runs, 1 hit, 0 errors, 2 left on base; Los Angeles 8 - Miami 1 |
| TOP OF THE 9TH |
|
Los Angeles Dodgers batting - Pitching for Miami Marlins : RHP Pharamond Lestrange
|
|
Batting: LHB Lirak Bazhunaishvili
|
0-0: Ground out 6-3 (Groundball, 6, EV 85.0 MPH)
|
|
Batting: SHB Shane Marcum
|
0-0: Swinging Strike 0-1: Called Strike 0-2: Ball 1-2: Strikes out swinging
|
|
Batting: RHB John Piccolo
|
0-0: Swinging Strike 0-1: Ball 1-1: Foul Ball, location: 2F 1-2: Ball 2-2: Fly out, F9 (Flyball, 9, EV 95.0 MPH)
|
| Top of the 9th over - 0 runs, 0 hits, 0 errors, 0 left on base; Los Angeles 8 - Miami 1 |
| BOTTOM OF THE 9TH |
|
Miami Marlins batting - Pitching for Los Angeles Dodgers : RHP Nate Allen
|
|
Batting: RHB Matt Thompson
|
0-0: Called Strike 0-1: Swinging Strike 0-2: Strikes out swinging
|
|
Batting: RHB Mike Gar
|
0-0: Called Strike 0-1: Ball 1-1: Foul Ball, location: 2F 1-2: Strikes out swinging
|
|
Batting: RHB Tony Stedman
|
0-0: Called Strike 0-1: Swinging Strike 0-2: Strikes out looking
|
| Bottom of the 9th over - 0 runs, 0 hits, 0 errors, 0 left on base; Los Angeles 8 - Miami 1 |
|